 Dungeon Crawl Stone Soup version 0.30-a0-313-gae38170b09 (webtiles) character file.

Game seed: 5431674842435047635

578 Engwar the Slasher (level 7, 48/55 HPs)
             Began as a Pale Draconian Reaver on Oct 26, 2022.
             Was an Initiate of Kikubaaqudgha.
             Quit the game on level 5 of the Dungeon.
             The game lasted 00:23:01 (4205 turns).

Engwar the Slasher (Pale Draconian Reaver)          Turns: 4205, Time: 00:23:02

Health: 48/55      AC: 10    Str: 15    XL:     7   Next: 13%
Magic:  8/10       EV: 10    Int: 21    God:    Kikubaaqudgha [......]
Gold:   54         SH:  6    Dex:  9    Spells: 4/10 levels left

rFire   . . .      SeeInvis .    a - +1 falchion
rCold   . . .      Faith    .    p - +0 kite shield
rNeg    . . .      Spirit   .    (body armour unavailable)
rPois   .          Reflect  .    (helmet restricted)
rElec   .          Harm     .    u - +0 cloak
rCorr   .          Rampage  .    g - +2 pair of gloves
Will    .....                    (no boots)
Stlth   +.........               (no amulet)
HPRegen 0.29/turn                i - +6 ring of intelligence
MPRegen 0.12/turn                e - ring of wizardry

@: immotile
A: breathe steam, AC +6, unfitting armour, cold-blooded, steam resistance
a: Breathe Steam, Renounce Religion


You were on level 5 of the Dungeon.
You worshipped Kikubaaqudgha.
Kikubaaqudgha was noncommittal.
You visited 1 branch of the dungeon, and saw 5 of its levels.

You collected 225 gold pieces.
You spent 171 gold pieces at shops.

Inventory:

Hand Weapons
 a - a +1 falchion (weapon)
Armour
 g - a +2 pair of gloves (worn)
 p - a +0 kite shield (worn)
 u - a +0 cloak (worn)
Jewellery
 e - a ring of wizardry (right hand)
 i - a +6 ring of intelligence (left hand)
 k - a ring of resist corrosion
Wands
 r - a wand of flame (15)
Scrolls
 b - a scroll of teleportation
 f - a scroll of fear
 l - a scroll of enchant weapon
Potions
 c - 2 potions of lignification
 d - a potion of haste
 h - a potion of attraction {unknown}
 j - a potion of resistance {unknown}
 m - a potion of mutation {unknown}
 n - 2 potions of heal wounds
 o - a potion of magic {unknown}
 q - a potion of brilliance {unknown}
 s - a potion of curing
 t - 2 potions of berserk rage {unknown}


   Skills:
 - Level 2.1 Fighting
 + Level 5.6 Long Blades
 - Level 1.7 Dodging
 + Level 0.7 Shields
 + Level 2.0 Spellcasting
 - Level 5.0 Conjurations
 - Level 2.0 Necromancy
 + Level 2.3 Translocations
 - Level 2.0 Ice Magic


You had 4 spell levels left.
You knew the following spells:

 Your Spells              Type           Power      Damage    Failure   Level
a - Kiss of Death         Conj/Necr      64%        2d10      4%          1
b - Momentum Strike       Conj/Tloc      34%        3d8       7%          2
c - Hailstorm             Conj/Ice       16%        3d6       14%         3

Your spell library contained the following spells:

 Spells                   Type           Power      Damage    Failure   Level
 Cigotuvi's Dreadful Rot  Necr/Pois/Air  8%         N/A       22%         2
 Dispel Undead            Necr           10%        3d9       61%         4
 Death Channel            Necr           5%         N/A       100%        6


Dungeon Overview and Level Annotations

Branches:
Dungeon (5/15)
 Temple: D:4-7

Altars:
Dithmenos
Gozag
Kikubaaqudgha
Xom
Yredelemnul

Shops:
D:2 !   D:3 !   D:4 [

Annotations:
D:4 3 runed translucent doors, Kirkhe's ghost, amateur DsVM


Innate Abilities, Weirdness & Mutations

You can breathe blasts of scalding, opaque steam.
Your pale cyan-grey scales are hard. (AC +6)
You cannot fit into any form of body armour.
You are cold-blooded and may be slowed by cold attacks.
You are immune to the effects of steam.


Message History

You hit the necrophage.
The necrophage is heavily damaged.
The necrophage barely misses you.
You barely miss the necrophage.
Your tail-slap misses the necrophage.
The necrophage is heavily damaged.
The necrophage hits you.
You feel drained.
The necrophage hits you but does no damage.
You closely miss the necrophage.
The necrophage is heavily damaged.
The necrophage hits you but does no damage.
You hit the necrophage.
The necrophage is heavily damaged.
The necrophage hits you.
You hit the necrophage.
The necrophage is heavily damaged.
The necrophage hits you but does no damage.
You closely miss the necrophage.
The necrophage is heavily damaged.
The necrophage hits you but does no damage.
You closely miss the necrophage.
You tail-slap the necrophage, but do no damage.
The necrophage is heavily damaged.
The necrophage hits you but does no damage. x2
You barely miss the necrophage.
The necrophage is heavily damaged.
The necrophage closely misses you.
You hit the necrophage but do no damage.
The necrophage is heavily damaged.
You block the necrophage's attack.
Casting: Momentum Strike (safe; 8% risk of failure)
Confirm with . or Enter, or press ? or * to list all spells.
Aiming: Momentum Strike (safe; 8% risk of failure)
Press: ? - help, Dir - move target, f - necrophage
Aim: a necrophage (heavily damaged, 71% to hit)
The concentrated momentum hits the necrophage!
The necrophage is destroyed!
You are unable to move.
Your life force feels restored.
Unknown command.
Are you sure you want to abandon this character and quit the game? (Confirm with "yes".)

.# .# ###.##
.... ...# #..
..# # #.# #.#
##>##@# #.#
#.....####.#
##.()....##.#
+........##.#
####...#.##.#
##..#.##.#
##......#
###.#### #.#


There were no monsters in sight!

Vanquished Creatures
  Menkaure (D:4)
  3 ogres
  A vampire bat (D:4)
  3 crimson imps
  A hound (D:4)
  Crazy Yiuf (D:4)
  An iguana (D:4)
  Ijyb (D:3)
  A scorpion zombie (D:4)
  A hound zombie (D:4)
  2 adders (D:3)
  A worm (D:2)
  2 dart slugs
  8 orcs
  10 ball pythons
  4 bat skeletons (D:4)
  2 bat zombies (D:4)
  6 endoplasms
  2 giant cockroaches
  10 goblins
  10 hobgoblins
  A jackal (D:1)
  4 kobolds
  A quokka (D:2)
  2 bats
  2 frilled lizards (D:1)
  5 rats
86 creatures vanquished.

Vanquished Creatures (others)
  A necrophage (D:5)
  A crimson imp (D:4)
  An orc (D:3)
  A goblin (D:3)
  A fungus (D:4)
5 creatures vanquished.

Grand Total: 91 creatures vanquished

Notes
Turn   | Place    | Note
-------+----------+-------------------------------------------
     0 | D:1      | Engwar the Draconian Reaver began the quest for the Orb.
     0 | D:1      | Reached XP level 1. HP: 17/17 MP: 3/3
   128 | D:1      | Reached XP level 2. HP: 23/24 MP: 5/5
   131 | D:1      | Learned a level 2 spell: Momentum Strike
   571 | D:1      | Reached XP level 3. HP: 26/29 MP: 6/6
   598 | D:1      | Learned a level 3 spell: Hailstorm
   855 | D:2      | Found Uzxed's Distillery.
   860 | D:2      | Bought a potion of degeneration for 14 gold pieces
  1593 | D:3      | Found a shadowy altar of Dithmenos.
  2105 | D:3      | Found Urankifo's Distillery.
  2117 | D:3      | Bought a potion of heal wounds for 70 gold pieces
  2117 | D:3      | Bought a potion of curing for 42 gold pieces
  2166 | D:3      | Reached XP level 4. HP: 35/36 MP: 7/7
  2367 | D:4      | Noticed an ogre
  2545 | D:4      | Found a runed translucent gate.
  2545 | D:4      | Found a runed translucent gate.
  2545 | D:4      | Found a runed translucent gate.
  2545 | D:4      | Noticed Kirkhe's ghost (amateur DsVM)
  2548 | D:4      | Found a basalt altar of Yredelemnul.
  2578 | D:4      | Reached XP level 5. HP: 37/41 MP: 8/8
  2640 | D:4      | Found Ibiongax's Armour Boutique.
  2650 | D:4      | Killed an ogre
  2662 | D:4      | Found a shimmering altar of Xom.
  2696 | D:4      | Noticed Ijyb
  2697 | D:4      | Noticed Menkaure
  2751 | D:3      | Reached skill level 5 in Conjurations
  2867 | D:4      | Reached skill level 5 in Long Blades
  2902 | D:4      | Noticed an ogre
  2911 | D:4      | Killed an ogre
  2912 | D:4      | Reached XP level 6. HP: 13/46 MP: 5/9
  3039 | D:3      | Reached skill level 1 in Necromancy
  3039 | D:3      | Reached skill level 1 in Translocations
  3039 | D:3      | Reached skill level 1 in Ice Magic
  3121 | D:4      | Bought a +0 kite shield for 45 gold pieces
  3162 | D:3      | Killed Ijyb
  3782 | D:4      | Found an ancient bone altar of Kikubaaqudgha.
  3816 | D:4      | Became a worshipper of Kikubaaqudgha
  3910 | D:4      | Found a runed translucent door.
  3911 | D:4      | Noticed Crazy Yiuf
  3918 | D:4      | Killed Crazy Yiuf
  3968 | D:4      | Killed Menkaure
  3969 | D:4      | Your scales start taking on a pale cyan-grey colour.
  3969 | D:4      | Reached XP level 7. HP: 29/55 MP: 7/10
  3969 | D:4      | Gained mutation: You are immune to the effects of steam.
                  | [Pale Draconian growth]
  4075 | D:4      | Found an opulent altar of Gozag.
  4172 | D:5      | Entered Level 5 of the Dungeon
  4205 | D:5      | Quit the game

Illustrated notes

Levels and vault maps discovered:
D:1:      roderic_octagonal_star, layout_basic, minmay_distorted
D:2:      layout_basic, serial_shops, shop_fountains
D:3:      layout_basic, nicolae_dithmenos_through_a_glass_darkly, serial_shops,
          nicolae_diamond_shop
D:4:      layout_rooms, kennysheep_vampire_church, led_xom_imps,
          nicolae_gozag_cash_rules_everything_around_me,
          nicolae_yredelemnul_ghost_church, serial_shops, shop, uniq_ijyb,
          uniq_menkaure, uniq_crazy_yiuf_cottage
D:5:      layout_loops_corners, nicolae_overflow_hidden_temple,
          minmay_temple_entry_nine_rooms, kennysheep_decorative_pillar,
          uniq_pikel

Skill      XL: |  1  2  3  4  5  6 |
---------------+-------------------+-----
Long Blades    | 4 5 |  5.6
Conjurations   | 4 5 |  5.0
Necromancy     | 2 |  2.0
Translocations | 2 |  2.3
Ice Magic      | 2 |  2.0
Fighting       | |  2.1
Dodging        | |  1.7
Shields        | |  0.7
Spellcasting   | |  2.0

Action                   |  1- 3 |  4- 6 |  7- 9 || total
-------------------------+-------+-------+-------++-------
Melee: Falchion          |   148 |   254 |    12 ||   414
       Tailslap          |    23 |    28 |     1 ||    52
       Punch             |     1 |     2 |       ||     3
 Cast: Momentum Strike   |     3 |     8 |     1 ||    12
       Kiss of Death     |       |     3 |       ||     3
  Use: Scroll            |     9 |       |       ||     9
Armor: Skin              |    56 |   107 |     7 ||   170
Dodge: Dodged            |    72 |   167 |     3 ||   242
Block: Kite shield       |       |       |     2 ||     2

Table legend: (Time is in decaauts)
 A = Elapsed time spent in this place.
 B = Non-inter-level travel time spent in this place.
 C = Inter-level travel time spent in this place.
 D = Time resting spent in this place.
 E = Time spent auto-exploring this place.
 F = Levels seen in this place.
 G = Mean time per level.
                   A        B        C        D        E       F      G
               +--------+--------+--------+--------+--------+-----+--------+
         Total |   4248 |   3973 |    275 |    625 |   2359 |   5 |  849.6 |
       Dungeon |   4248 |   3973 |    275 |    625 |   2359 |   5 |  849.6 |
               +--------+--------+--------+--------+--------+-----+--------+

Top non-repeatable levels by time:
     D:3: 1463 daAuts
     D:4: 1271 daAuts
     D:1: 773 daAuts
     D:2: 705 daAuts
     D:5: 35 daAuts
